 Seeded DCSS version 0.29-a0-369-gd956c00756 (webtiles) character file.

Game seed: 13545254942339663905 (custom seed)

63 NinjaNoafa the Covered (level 3, -7/32 (33) HPs)
             Began as a Minotaur Fighter on May 1, 2022.
             Killed by divine providence
             ... invoked by an orc priest
              (17 damage)
             ... on level 4 of the Dungeon.
             The game lasted 00:04:14 (1592 turns).

NinjaNoafa the Covered (Minotaur Fighter)           Turns: 1592, Time: 00:04:15

HP:   -7/32 (33)    AC: 10    Str: 22    XL:     3   Next: 87%
MP:   2/2           EV:  9    Int:  5    God:
Gold: 156           SH:  4    Dex:  9    Spells: 2/2 levels left

rFire   . . .      SeeInvis .   a - +0 flail
rCold   . . .      Faith    .   c - +0 buckler
rNeg    . . .      Spirit   .   b - +0 scale mail
rPois   .          Reflect  .   (helmet restricted)
rElec   .          Harm     .   (no cloak)
rCorr   .          Rampage  .   e - +2 pair of gloves
Will    .....                   (no boots)
Stlth   ..........              (no amulet)
HPRegen 0.10/turn               (no ring)
MPRegen 0.08/turn               (no ring)

@: mighty, lightly drained
A: horns 2, retaliatory headbutt
a: no special abilities


You were on level 4 of the Dungeon.
You visited 1 branch of the dungeon, and saw 3 of its levels.

You collected 156 gold pieces.

Inventory:

Hand Weapons
 a - a +0 flail (weapon)
 o - a +3 hunting sling
Armour
 b - a +0 scale mail (worn)
 c - a +0 buckler (worn)
 e - a +2 pair of gloves (worn)
Jewellery
 k - a ring of wizardry
Scrolls
 f - a scroll of magic mapping {unknown}
 h - 2 scrolls of identify {unknown}
 j - a scroll of teleportation {unknown}
 l - a scroll of immolation {unknown}
 m - a scroll of enchant weapon {unknown}
Potions
 g - a potion of resistance {unknown}
 i - 3 potions of curing {unknown}
 n - 2 potions of heal wounds {unknown}
 p - 2 potions of flight {unknown}
 q - a potion of haste {unknown}


   Skills:
 + Level 4.2 Fighting
 + Level 3.4 Maces & Flails
 + Level 4.3 Armour
 + Level 4.2 Shields


You had 2 spell levels left.
You didn't know any spells.
Your spell library contained the following spells:

 Spells                   Type           Power      Damage    Failure   Level
 Conjure Flame            Conj/Fire      0%         6-21      99%         3
 Ignite Poison            Fire/Tmut/Pois 0%         N/A       99%         3
 Sticky Flame             Conj/Fire      0%         2d3       100%        4


Dungeon Overview and Level Annotations

Branches:
Dungeon (2/15)

Altars:

Shops:
D:2 (


Innate Abilities, Weirdness & Mutations

You have a pair of horns on your head.
You reflexively headbutt those who attack you in melee.


Message History

You hit the orc.
The orc is lightly wounded.
The orc splashes around in the water.
The orc hits the plant with a +0 dagger.
The orc hits you but does no damage.
The orc hits the plant with a +2 short sword of draining.
The orc closely misses you. You furiously retaliate!
You headbutt the orc, but do no damage. You barely miss the orc.
The orc is heavily wounded.
You block the orc's attack.
The orc hits the plant with a +0 dagger.
The orc hits the plant with a +2 short sword of draining.
The orc priest calls upon Beogh to heal the orc.
The orc's wounds heal themselves!
The orc hits you but does no damage.
A nearby plant withers and dies.
You see here a +0 short sword.
You feel very mighty all of a sudden. The orc closely misses you.
You furiously retaliate!
You headbutt the orc. You sock the orc!
You kill the orc!
The orc throws a silver boomerang.
You block the silver boomerang. The orc barely misses you.
Things that are here:
a +0 hand axe; a +0 ring mail You barely miss the orc.
You headbutt the orc.
The orc is severely wounded.
The orc priest looks braver for a moment.
The orc hits you but does no damage. The orc misses you.
You sock the orc!
You kill the orc!
The orc hits you with a +0 short sword.
You sock the orc!
You kill the orc!
The orc hits you with a +2 short sword of draining.
You feel drained.
The orc priest mumbles some strange prayers to Beogh against you.
Beogh smites you!
Ouch! That really hurt!
You die...

#.# ######### # #.#
#........ .
#.###.###.### .#
.............# #.#
..........###.###..
.####.########.#.# .#
#............# .#
#.##########)# .# #.#
###@# .# #># #.)o# .#
#.## #.#o#
.###...####.........#
.##........P.≈♣≈≈≈≈♣..#
.##....##.P≈≈.≈≈≈.... #
.##.#.###P≈.≈≈≈≈≈≈P≈P.
.##.#.###.≈≈≈≈≈≈≈≈≈≈....
.........P≈≈≈≈≈.≈≈≈♣....


You could see an orc priest and an orc.

Vanquished Creatures
  2 worms (D:4)
  2 dart slugs (D:1)
  4 orcs (D:4)
  9 ball pythons
  6 endoplasms
  3 giant cockroaches
  3 goblins (D:1)
  3 hobgoblins
  4 kobolds
  2 quokkas
  2 bats (D:1)
  2 frilled lizards
  2 rats (D:1)
44 creatures vanquished.

Vanquished Creatures (others)
  14 plants (D:4)
14 creatures vanquished.

Grand Total: 58 creatures vanquished

Notes
Turn   | Place    | Note
-------+----------+-------------------------------------------
     0 | D:1      | NinjaNoafa the Minotaur Fighter began the quest for the
                  | Orb.
     0 | D:1      | Reached XP level 1. HP: 19/19 MP: 0/0
   277 | D:1      | Reached XP level 2. HP: 26/27 MP: 1/1
   432 | D:1      | Found a faded altar of an unknown god.
   970 | D:1      | Reached XP level 3. HP: 33/33 MP: 2/2
  1366 | D:2      | Found Cyggiomp's Weapon Shop.
  1389 | D:2      | You fall into a shaft and drop 2 floors!
  1592 | D:4      | Killed from afar by an orc priest

Illustrated notes

Levels and vault maps discovered:
D:1:      nzn_arrival_settlement, layout_loops_corners,
          shapermc_ecumenical_altar_hornbeckon
D:2:      layout_rooms, serial_shops, shop, minmay_misc_feat_hallway
D:4:      layout_loops_ring, serial_shops, shop, serial_bayou,
          serial_bayou_shore_b, serial_bayou_ford_a, serial_bayou_pond_b,
          serial_bayou_pond_e, serial_bayou_pond_d, serial_bayou_lake_a,
          serial_bayou_pond_e, nicolae_shop_overcharged_wands, uniq_menkaure

Skill      XL: |  1  2 |
---------------+-------+-----
Armour         | 4 |  4.3
Fighting       | 4 |  4.2
Maces & Flails | 3 |  3.4
Shields        | 4 |  4.2

Action                   || total
-------------------------++-------
Melee: Flail             ||   102
       Headbutt          ||    14
  Use: Potion            ||     1
Armor: Scale mail        ||    83
Dodge: Dodged            ||    62
Block: Buckler           ||    33

Table legend: (Time is in decaauts)
 A = Elapsed time spent in this place.
 B = Non-inter-level travel time spent in this place.
 C = Inter-level travel time spent in this place.
 D = Time resting spent in this place.
 E = Time spent auto-exploring this place.
 F = Levels seen in this place.
 G = Mean time per level.
                   A        B        C        D        E       F      G
               +--------+--------+--------+--------+--------+-----+--------+
         Total |   1628 |   1597 |     31 |      0 |   1201 |   3 |  542.7 |
       Dungeon |   1628 |   1597 |     31 |      0 |   1201 |   3 |  542.7 |
               +--------+--------+--------+--------+--------+-----+--------+

Top non-repeatable levels by time:
     D:1: 1350 daAuts
     D:4: 212 daAuts
     D:2: 66 daAuts
